Map: Ruins of Seras

Players

万能虚空王

  • Race: Zerg Zerg
  • League: Master

IIIIIIIIIIII (State) - Winner!

  • Race: Protoss Protoss
  • League: Grandmaster

VOD

Have the link to the VOD?

Description

Time

  • Played on: Feb. 17, 2016, 3:11 a.m.
  • Length: 9:16
Show
View Real Time Build Order
Export as new Build Order

万能虚空王 Zerg 

Build Orders: Hatch First 

Get SALT Encoding   

  12  0:00  Drone  
  13  0:08  Drone  
  14  0:17  Overlord  
  14  0:24  Extractor  
  14  0:25  Drone  
  15  0:36  Drone x2  
  17  0:54  Hatchery  
  17  0:56  Drone  
  17  0:59  Drone  
  18  1:07  Extractor  
  17  1:15  Spawning Pool  
  17  1:18  Drone  
  17  1:21  Drone  
  18  1:27  Drone  
  19  1:39  Overlord  
  19  1:51  Drone  
  20  2:02  Zergling x2, Queen  
  20  2:05  Zergling x2, Queen  
  26  2:09  Metabolic Boost  
  26  2:13  Drone  
  27  2:17  Drone  
  28  2:23  Drone  
  28  2:28  Drone  
  30  2:38  Hatchery  
  30  2:43  Overlord  
  29  2:47  Drone  
  29  2:50  Drone  
  29  2:51  Drone  
  32  2:59  Queen  
  32  3:04  Drone x2  
  32  3:05  Drone  
  37  3:12  Zergling x2  
  38  3:14  Drone x2  
  38  3:15  Drone  
  41  3:20  Zergling x6  
  41  3:24  Overlord  
  44  3:40  Roach Warren  
  43  3:44  Drone x2  
  43  3:45  Drone x2  
  43  3:47  Extractor  
  46  3:51  Drone  
  46  3:53  Drone x2  
  46  3:55  Drone x3  
  52  4:10  Drone x2  
  52  4:11  Drone x2  
  52  4:14  Overlord x3  
  56  4:17  Drone  
  56  4:19  Overlord  
  57  4:25  Overlord  
  57  4:30  Overlord  
  57  4:32  Roach x2  
  57  4:33  Roach x3  
  57  4:35  Roach  
  68  4:39  Roach x2  
  67  4:46  Roach x2  
  70  4:52  Roach  
  70  4:53  Roach  
  70  4:57  Roach  
  70  5:03  Roach  
  70  5:06  Roach  
  68  5:07  Roach  
  68  5:09  Zergling x2  
  68  5:14  Roach  
  67  5:18  Roach  
  69  5:23  Roach  
  69  5:27  Zergling x2, Roach  
  68  5:29  Drone  
  68  5:32  Drone  
  68  5:33  Drone  
  67  5:36  Drone  
  67  5:41  Drone  
  69  5:46  Queen  
  69  5:48  Drone  
  72  5:58  Lair  
  72  6:00  Drone x3  
  75  6:10  Drone x5  
  77  6:12  Drone  
  77  6:17  Drone  
  77  6:19  Drone x2  
  77  6:20  Drone  
  77  6:25  Drone  
  79  6:30  Drone x2  
  79  6:31  Drone x2  
  83  6:37  Drone x2  
  85  6:42  Overlord  
  85  6:43  Overlord  
  85  6:46  Extractor  
  81  6:49  Drone  
  81  6:58  Glial Reconstitution  
  81  7:00  Drone x3  
  80  7:01  Drone  
  80  7:02  Roach  
  80  7:03  Roach x2  
  85  7:09  Drone x3  
  85  7:10  Drone  
  85  7:11  Drone  
  90  7:16  Drone  
  90  7:20  Zergling x4, Infestation Pit  
  92  7:27  Zergling x4  
  92  7:29  Spine Crawler  
  93  7:32  Evolution Chamber  
  93  7:35  Zergling x6  
  93  7:36  Zergling x8, Overseer  
  100  7:43  Overlord x2  
  100  7:47  Drone  
  100  7:49  Zergling x4  
  100  7:50  Zergling x6  
  105  7:56  Pathogen Glands  
  105  8:04  Zergling x2  
  105  8:05  Zergling x4  
  108  8:11  Zergling x8  
  108  8:12  Zergling x2  
  113  8:17  Zergling x6  
  116  8:24  Roach x3  
  109  8:28  Roach x2  
  109  8:32  Roach  
  99  8:35  Roach  
  99  8:36  Roach x2  
  99  8:38  Zergling x2, Roach x2  
  94  8:46  Roach x3  
  98  8:58  Zergling x2  
Show
View Real Time Build Order
Export as new Build Order

IIIIIIIIIIII Protoss - Winner!

Build Orders: 1 Gate Expand, Mass Adepts 

Get SALT Encoding   

  12  0:01  Probe (Chrono Boost)  
  13  0:11  Probe (Chrono Boost)  
  14  0:19  Pylon  
  14  0:23  Probe (Chrono Boost)  
  15  0:37  Probe (Chrono Boost)  
  16  0:44  Gateway  
  16  0:48  Probe (Chrono Boost)  
  17  0:51  Assimilator  
  17  0:58  Probe (Chrono Boost)  
  18  1:09  Probe (Chrono Boost)  
  19  1:19  Probe (Chrono Boost)  
  20  1:29  Nexus  
  20  1:33  Probe (Chrono Boost)  
  21  1:44  Cybernetics Core  
  21  1:46  Probe (Chrono Boost)  
  22  1:56  Pylon  
  22  1:57  Probe (Chrono Boost)  
  23  2:14  Probe (Chrono Boost)  
  24  2:20  Warp Gate (Chrono Boost)  
  24  2:21  Adept (Chrono Boost)  
  27  2:34  Mothership Core  
  28  2:40  Gateway  
  28  2:41  Gateway, Probe  
  29  2:47  Adept  
  31  2:51  Probe  
  31  2:55  Probe  
  33  3:04  Pylon  
  34  3:07  Probe (Chrono Boost)  
  34  3:09  Pylon  
  34  3:10  Probe (Chrono Boost)  
  36  3:23  Gateway  
  36  3:26  Gateway  
  36  3:30  Gateway, Probe (Chrono Boost)  
  36  3:36  Adept  
  36  3:40  Adept  
  40  3:44  Adept, Probe  
  40  3:48  Probe (Chrono Boost)  
  44  3:55  Pylon  
  44  4:01  Probe x2 (Chrono Boost)  
  46  4:09  Pylon  
  46  4:20  Pylon, Adept x3  
  54  4:25  Adept  
  54  4:26  Adept  
  54  4:27  Adept  
  58  4:39  Probe (Chrono Boost)  
  58  4:40  Probe (Chrono Boost)  
  60  4:51  Adept x5  
  68  4:56  Assimilator  
  68  4:57  Assimilator  
  68  4:59  Probe x2 (Chrono Boost)  
  70  5:10  Probe x2 (Chrono Boost)  
  72  5:20  Probe x2 (Chrono Boost)  
  72  5:25  Twilight Council  
  72  5:27  Assimilator  
  66  5:31  Probe x2 (Chrono Boost)  
  60  5:39  Pylon  
  60  5:41  Probe (Chrono Boost)  
  60  5:42  Probe (Chrono Boost)  
  62  5:43  Adept x5  
  72  5:59  Robotics Facility  
  72  6:13  Blink (Chrono Boost)  
  70  6:18  Probe x2 (Chrono Boost)  
  68  6:28  Stalker x5  
  74  6:39  Gateway  
  74  6:41  Pylon  
  64  6:59  Warp Prism (Chrono Boost)  
  64  7:03  Stalker x4  
  64  7:04  Stalker x2  
  74  7:10  Gateway  
  74  7:12  Pylon  
  74  7:27  Stalker x3  
  74  7:28  Stalker x3  
  85  7:51  Stalker x3  
  85  7:52  Stalker x2  
  85  7:56  Stalker  
  97  8:12  Stalker x2  
  101  8:13  Probe  
  101  8:14  Stalker  
  101  8:15  Stalker x2  
  90  8:44  Stalker x6  
  100  9:03  Stalker x2  
  100  9:06  Stalker x2  
  100  9:08  Stalker  
Tags
 
Add a new tag
Caveats
  • Supply blocks, unpowered buildings, or Contaminate may cause inaccurate times.
  • Supply counts are checked every 10 seconds.